 Dungeon Crawl Stone Soup version bcrawl-1.15.1 (webtiles) character file.

Game seed: 3272510728553087501

182 Chiseanne the Cudgeler (level 5, -5/38 HPs)
             Began as a Mummy Archaeologist on Sept 28, 2019.
             Was an Initiate of Gozag.
             Slain by a gnoll sergeant
             ... wielding a +0 spear
              (7 damage)
             ... on level 4 of the Dungeon.
             The game lasted 00:05:31 (2990 turns).

Chiseanne the Cudgeler (Mummy Archaeologist)        Turns: 2990, Time: 00:05:31

Health: -5/38      AC:  9    Str: 15    XL:     5   Next: 35%
Magic:  5/5        EV: 11    Int: 13    God:    Gozag
Gold:   297        SH:  0    Dex: 11    Spells: 4/4 levels left

rFire    x . .     SeeInvis .   l - +0 flail
rCold    + . .     Gourm    .   (no shield)
rNeg     + + +     Faith    .   m - +1 ring mail
rPois    ∞         Spirit   .   i - +0 helmet
rElec    .         Reflect  .   (no cloak)
rCorr    .         Harm     .   (no gloves)
MR       .....     Clarity  +   d - +1 pair of boots
Stlth    +.........             (no amulet)
HPRegen  0.12/turn              (no ring)
MPRegen  0.09/turn              (no ring)

@: studying Maces & Flails
A: no food or potions, fire vulnerability, clarity, cold resistance 1, negative
energy resistance 3, torment resistance, unbreathing
a: Potion Petition, Call Merchant, Bribe Branch, Renounce Religion


You were on level 4 of the Dungeon.
You worshipped Gozag.
Gozag was aware of your devotion.
You were not hungry.

You visited 1 branch of the dungeon, and saw 4 of its levels.

You collected 350 gold pieces.
You paid 53 gold pieces to Gozag.

Inventory:

Hand Weapons
 k - a +0 blowgun
 l - a +0 flail (weapon)
 n - a +0 dagger of venom
Missiles
 b - 99 bolts
 c - 433 stones (quivered)
 g - 80 poisoned needles
 h - 138 arrows
 o - 91 javelins
Armour
 d - a +1 pair of boots (worn)
 i - a +0 helmet (worn)
 m - a +1 ring mail (worn)
Scrolls
 a - a scroll of remove curse
 j - 3 scrolls of fog
Books
 e - a manual of Maces & Flails
Miscellaneous
 f - an ancient crate


   Skills:
 - Level 2.2 Fighting
 + Level 5.1 Maces & Flails
 - Level 3.0 Dodging
 - Level 2.6 Stealth


You had 4 spell levels left.
You didn't know any spells.
Your spell library was empty.

Dungeon Overview and Level Annotations

Branches:
Dungeon (4/12)
 Temple: D:4-7

Altars:
Dithmenos
Gozag
Hepliaklqana
Kikubaaqudgha
Ru

Annotations:
D:2 Sigmund
D:4 exclusion: ogre


Innate Abilities, Weirdness & Mutations

You do not eat or drink.
Your flesh is vulnerable to fire.
You are immune to poison.
You possess an exceptional clarity of mind.
Your flesh is cold resistant. (rC+)
You are immune to negative energy. (rN+++)
You are immune to unholy pain and torment.
You can survive without breathing.


Message History

The gnoll sergeant completely misses you.
You sock the gnoll!
The gnoll is almost dead.
The gnoll barely misses you. The gnoll hits you.
* * * LOW HITPOINT WARNING * * *
The gnoll closely misses you.
The gnoll sergeant hits you from afar with a +0 spear!
* * * LOW HITPOINT WARNING * * *
The gnoll barely misses you.
You closely miss the gnoll.
The gnoll is almost dead.
The gnoll hits you but does no damage. The gnoll closely misses you.
The gnoll sergeant hits you but does no damage.
The gnoll hits you but does no damage.
You barely miss the gnoll.
The gnoll is almost dead.
The gnoll barely misses you. The gnoll hits you but does no damage.
The gnoll sergeant hits you from afar with a +0 spear!
You die...
Your body crumbles into a pile of gold.

#.# .......#. ##.##
............. ##...#
#......#.#.#. #..#.#
#........... #....#
##...#.#.#. #.####
#......... #.#
#..g#.#.#. #.#
#ogg......
#.##########.@##..#
#.............g......
############........#
##.####### #.# #..
#... #####


You could see a gnoll sergeant, 3 gnolls and an orc.

Vanquished Creatures
  A scorpion (D:4)
  A worker ant (D:3)
  3 adders
  A gnoll (D:4)
  An adder skeleton (D:4)
  3 worms
  A dart slug (D:4)
  2 leopard geckos
  4 orcs
  A ball python (D:2)
  3 giant cockroaches (D:1)
  7 goblins
  5 hobgoblins (D:1)
  3 jackals
  4 kobolds
  2 quokkas (D:1)
  8 bats
  6 frilled lizards
  2 rats
58 creatures vanquished.

Notes
Turn   | Place    | Note
-------+----------+-------------------------------------------
     0 | D:1      | Chiseanne the Mummy Archaeologist began the quest for the
                  | Orb.
     0 | D:1      | Reached XP level 1. HP: 15/15 MP: 1/1
   456 | D:1      | Reached XP level 2. HP: 21/21 MP: 2/2
   963 | D:1      | Reached XP level 3. HP: 16/27 MP: 3/3
   972 | D:1      | Reached skill level 1 in Maces & Flails
  1601 | D:2      | Noticed Sigmund
  1608 | D:1      | Reached skill level 2 in Maces & Flails
  1940 | D:2      | Found a sacrificial altar of Ru.
  1941 | D:2      | Found a shadowy altar of Dithmenos.
  1941 | D:2      | Found an opulent altar of Gozag.
  1941 | D:2      | Found a hazy altar of Hepliaklqana.
  1975 | D:2      | Became a worshipper of Gozag Ym Sagoz the Greedy
  2266 | D:2      | Reached skill level 3 in Maces & Flails
  2266 | D:2      | Reached XP level 4. HP: 20/33 MP: 4/4
  2642 | D:3      | Reached skill level 4 in Maces & Flails
  2679 | D:4      | Reached skill level 5 in Maces & Flails
  2679 | D:4      | Reached XP level 5. HP: 21/38 MP: 5/5
  2883 | D:4      | Found an ancient bone altar of Kikubaaqudgha.
  2944 | D:4      | Noticed an ogre
  2988 | D:4      | HP: 1/38 [gnoll sergeant/+0 spear (9)]
  2990 | D:4      | Slain by a gnoll sergeant

Skill      XL: |  1  2  3  4 |
---------------+-------------+-----
Fighting       | 2 |  2.2
Dodging        | 3 |  3.0
Maces & Flails | 3 5 |  5.1
Stealth        | |  2.6

Action                   |  1- 3 |  4- 6 || total
-------------------------+-------+-------++-------
Melee: Whip              |   108 |       ||   108
       Flail             |   135 |    63 ||   198
  Use: Scroll            |     2 |     2 ||     4
 Stab: Sleeping          |     3 |       ||     3
Armor: Robe              |    52 |       ||    52
       Ring mail         |    93 |    36 ||   129
Dodge: Dodged            |   203 |    56 ||   259
